Map: Arctic Dream LE

Players

qqq

  • Race: Zerg Zerg
  • Spawn Location: 11:00

Massa

  • Race: Terran Terran
  • League: Platinum
  • Spawn Location: 12:00

Skaði - Winner!

  • Race: Zerg Zerg
  • Spawn Location: 5:00

Ölvi - Winner!

  • Race: Terran Terran
  • League: Diamond
  • Spawn Location: 6:00

VOD

Have the link to the VOD?

Description

Time

  • Played on: Feb. 14, 2021, 6:58 a.m.
  • Length: 10:53
Show
View Real Time Build Order
Export as new Build Order

qqq Zerg 

Build Orders: Hatch First 

Get SALT Encoding   

  12  0:03  Drone  
  13  0:13  Drone  
  14  0:17  Overlord  
  14  0:43  Hatchery  
  14  0:48  Drone  
  14  0:50  Drone  
  15  0:59  Drone  
  16  1:18  Drone, Spawning Pool  
  15  1:19  Extractor  
  15  1:22  Drone  
  16  1:26  Drone  
  17  1:45  Drone x2  
  19  1:59  Drone  
  19  2:01  Drone  
  21  2:05  Queen  
  21  2:06  Queen  
  25  2:11  Drone  
  26  2:21  Metabolic Boost  
  25  2:23  Overlord  
  25  2:27  Drone  
  26  2:30  Drone  
  26  2:35  Overlord  
  27  2:41  Zergling x2  
  28  2:45  Drone  
  28  2:48  Zergling x2  
  30  2:52  Zergling x2  
  30  2:54  Drone  
  32  2:59  Lair  
  32  3:02  Zergling x2  
  32  3:03  Drone  
  34  3:10  Zergling x2  
  34  3:12  Zergling x2  
  36  3:30  Zergling x2  
  36  3:31  Drone, Zergling x2  
  36  3:32  Zergling x6  
  42  3:42  Roach Warren, Overlord  
  42  3:44  Drone  
  42  3:50  Zergling x2  
  42  3:51  Zergling x2  
  42  3:55  Evolution Chamber  
  43  4:03  Drone x2  
  43  4:05  Zergling x2  
  43  4:08  Zergling x2  
  48  4:10  Zergling x2  
  48  4:12  Hatchery  
  46  4:18  Zergling x2  
  46  4:19  Zergling x2  
  46  4:22  Drone x2, Zergling x2  
  44  4:39  Zergling x6  
  44  4:40  Roach  
  44  4:42  Glial Reconstitution  
  44  4:44  Zerg Ground Armor Level 1  
  44  4:45  Drone x2  
  49  4:52  Roach  
  47  4:57  Drone x2  
  47  4:58  Drone  
  50  5:01  Extractor  
  50  5:02  Extractor  
  50  5:03  Roach  
  50  5:10  Roach  
  48  5:21  Roach  
  48  5:23  Roach  
  48  5:32  Overlord x4  
  48  5:34  Drone x4  
  50  5:43  Spore Crawler  
  50  5:45  Spore Crawler  
  50  5:49  Drone x4  
  48  5:55  Roach x2  
  48  5:56  Roach  
  52  6:15  Drone x2  
  52  6:16  Drone, Spire  
  52  6:17  Drone x4  
  58  6:19  Drone  
  58  6:22  Extractor  
  58  6:38  Hatchery  
  57  6:46  Drone x2  
  59  6:48  Overlord  
  59  6:49  Overlord  
  59  6:50  Zergling x2, Roach x2  
  59  6:53  Zergling x2  
  65  6:54  Zergling x2  
  60  7:06  Spore Crawler  
  53  7:10  Overseer  
  53  7:13  Pneumatized Carapace  
  53  7:18  Infestation Pit  
  53  7:19  Zergling x6  
  55  7:27  Mutalisk x2  
  55  7:28  Mutalisk x2  
  63  7:30  Zergling x4  
  65  7:44  Mutalisk  
  65  7:46  Mutalisk  
  69  7:54  Hatchery  
  66  8:02  Drone x2  
  66  8:03  Drone x2  
  69  8:10  Mutalisk x2  
  73  8:13  Zerg Flyer Weapons Level 1  
  73  8:14  Drone  
  73  8:16  Queen  
  76  8:26  Hive  
  77  8:27  Drone  
  77  8:29  Extractor  
  77  8:30  Spine Crawler  
  77  8:31  Extractor  
  64  8:49  Mutalisk x2  
  62  9:06  Mutalisk x2  
  62  9:18  Drone x4  
  62  9:19  Drone  
  62  9:20  Zergling x8  
  62  9:21  Zergling x2  
  72  9:30  Drone x2, Mutalisk  
  74  9:45  Mutalisk x3  
  75  9:49  Drone  
  77  10:01  Mutalisk x2  
  67  10:07  Drone  
  67  10:08  Drone  
  69  10:15  Drone  
  69  10:16  Zergling x8  
  69  10:20  Baneling Nest  
  73  10:28  Mutalisk  
Show
View Real Time Build Order
Export as new Build Order

Massa Terran 

Build Orders:  

Get SALT Encoding   

  12  0:01  SCV  
  13  0:13  SCV  
  14  0:17  Supply Depot  
  14  0:25  SCV  
  15  0:39  SCV  
  15  0:41  Barracks  
  16  0:44  Refinery  
  16  0:55  SCV  
  17  1:07  SCV  
  18  1:19  SCV  
  19  1:29  Barracks Reactor  
  19  1:32  Orbital Command  
  19  1:41  Command Center  
  19  1:51  Barracks  
  19  1:57  SCV  
  20  2:06  Supply Depot  
  20  2:07  Marine  
  21  2:09  SCV  
  21  2:10  Marine  
  23  2:27  Marine  
  23  2:28  SCV, Marine  
  26  2:31  Factory  
  26  2:42  Barracks Tech Lab  
  26  2:44  SCV  
  26  2:45  Marine  
  26  2:46  Marine  
  26  2:47  Refinery  
  29  2:56  SCV  
  30  3:03  Marine  
  30  3:04  Marine  
  32  3:12  Marauder  
  34  3:18  Stimpack  
  34  3:21  Marine x2  
  36  3:28  Supply Depot  
  36  3:31  SCV  
  36  3:34  Orbital Command  
  37  3:40  Starport  
  37  3:43  SCV  
  37  3:46  Hellion  
  37  3:48  Barracks Reactor, Hellion  
  42  4:03  SCV  
  42  4:04  SCV  
  42  4:06  Marine  
  42  4:08  Hellion  
  42  4:09  Hellion  
  49  4:11  Supply Depot  
  46  4:29  Hellion  
  46  4:31  Hellion  
  46  4:39  Marine x2  
  46  4:40  Marauder  
  45  4:51  Hellion  
  45  4:52  Hellion  
  45  4:56  Starport Tech Lab  
  45  4:57  Marine  
  46  5:02  Barracks  
  46  5:03  SCV x2, Barracks  
  48  5:10  Engineering Bay  
  48  5:13  Widow Mine  
  48  5:14  Widow Mine  
  52  5:15  SCV x2  
  52  5:20  Banshee  
  57  5:25  Cloaking Field  
  57  5:27  SCV  
  51  5:35  Marine x2  
  51  5:36  Marine  
  53  5:53  Hellion x2, Marine  
  53  5:55  Marauder, Marine  
  59  6:11  Marine  
  59  6:12  Marine  
  59  6:15  Widow Mine  
  61  6:24  Marauder  
  61  6:27  Widow Mine  
  62  6:33  Marine  
  62  6:35  Marine  
  62  6:36  Supply Depot  
  62  6:38  Supply Depot  
  62  6:39  Medivac, Supply Depot x2  
  62  6:40  Barracks Tech Lab  
  62  6:41  Barracks Reactor  
  62  6:45  Marine  
  62  6:58  Widow Mine x2, Marine x2  
  66  7:02  Missile Turret  
  66  7:03  Marine  
  63  7:29  SCV x2  
  65  7:32  Terran Infantry Weapons Level 1  
  65  7:34  Missile Turret  
  69  7:37  Widow Mine x2  
  69  7:40  Medivac  
  69  7:41  SCV x2  
  73  7:53  SCV, Command Center  
  73  7:54  SCV  
  75  8:02  Marauder x2, Marine  
  75  8:03  Marine  
  81  8:05  SCV  
  81  8:06  SCV  
  83  8:16  Marine  
  83  8:17  Marine  
  83  8:18  Combat Shield  
  85  8:25  Medivac  
  87  8:27  Marine x3  
  87  8:28  Marine  
  61  9:01  Marauder x2, Marine x3  
  61  9:02  Marine  
  54  9:06  Widow Mine  
  48  9:17  SCV x2  
  48  9:19  Marine  
  48  9:22  Refinery  
  48  9:23  Marauder x2  
  55  9:26  Refinery  
  55  9:29  SCV, Concussive Shells  
  55  9:30  SCV  
  57  9:33  Orbital Command  
  57  9:38  Marine x4  
  60  9:41  SCV  
  60  9:42  SCV  
  60  9:44  Marauder x2  
  67  9:55  Marine x2  
  67  9:56  Marine x2  
  58  10:05  Marine x2  
  49  10:09  Widow Mine x2  
  49  10:13  Marine x3  
  56  10:14  Marine  
  57  10:23  Marauder x2  
  60  10:30  Widow Mine x2  
Show
View Real Time Build Order
Export as new Build Order

Skaði Zerg - Winner!

Build Orders: Hatch First 

Get SALT Encoding   

  12  0:01  Drone  
  13  0:13  Overlord  
  13  0:20  Drone  
  14  0:32  Drone x2  
  16  0:38  Drone  
  17  0:54  Drone  
  18  0:59  Hatchery, Drone  
  18  1:09  Extractor  
  17  1:15  Spawning Pool  
  17  1:18  Drone  
  17  1:20  Drone  
  18  1:29  Drone  
  19  1:53  Overlord  
  19  2:04  Queen  
  19  2:07  Drone  
  22  2:11  Drone x2  
  22  2:12  Drone, Queen  
  27  2:18  Metabolic Boost  
  27  2:40  Overlord  
  29  2:45  Drone x4  
  29  2:46  Drone  
  34  2:53  Queen  
  34  2:58  Lair  
  34  3:08  Zergling x4  
  34  3:09  Zergling x4  
  38  3:36  Drone  
  38  3:37  Drone x5  
  38  3:38  Overlord x2  
  38  3:40  Hatchery  
  43  3:57  Zergling x2  
  43  3:58  Zergling x14  
  51  4:16  Baneling Nest  
  46  4:21  Zergling x12  
  43  4:39  Zergling x12  
  46  4:46  Zergling x2  
  46  4:58  Zergling x2  
  46  4:59  Zergling x10  
  52  5:00  Centrifical Hooks  
  52  5:02  Queen  
  46  5:34  Zergling x2  
  46  5:35  Zergling x28  
  53  6:16  Zergling x2  
  53  6:17  Zergling x20  
  54  6:26  Drone  
  55  6:36  Drone x3, Evolution Chamber  
  55  6:37  Extractor, Evolution Chamber  
  55  6:38  Hatchery  
  54  6:43  Drone x2  
  52  6:56  Drone  
  52  6:57  Drone x5  
  54  7:11  Drone  
  54  7:12  Drone x5  
  60  7:23  Zerg Melee Weapons Level 1, Zerg Ground Armor Level 1  
  60  7:26  Infestation Pit  
  60  7:27  Drone x3  
  62  7:30  Drone x3, Extractor  
  62  7:31  Drone x2, Extractor  
  62  7:32  Drone  
  62  7:33  Overlord  
  62  7:34  Overlord x2  
  61  8:00  Spore Crawler  
  61  8:03  Spore Crawler  
  56  8:07  Extractor x2, Spore Crawler  
  56  8:08  Drone x3  
  56  8:09  Drone x3  
  56  8:10  Drone x6  
  56  8:12  Drone  
  66  8:13  Drone x2  
  66  8:14  Drone  
  66  8:15  Zergling x2  
  66  8:16  Zergling x8  
  74  8:24  Hydralisk Den  
  74  8:26  Drone x4  
  77  8:27  Zergling x2  
  77  8:28  Zergling x6  
  77  8:30  Overlord x2  
  75  8:52  Zergling x2  
  75  8:53  Zergling x20  
  75  8:54  Zergling x8  
  86  9:14  Queen x2  
  86  9:15  Queen  
  86  9:16  Zergling x2  
  93  9:17  Zergling x16  
  93  9:23  Hive  
  99  9:30  Drone x2  
  99  9:31  Zergling x6  
  102  9:34  Overlord x5  
  93  9:57  Zergling x2  
  93  9:58  Zergling x14  
  94  10:00  Extractor  
  94  10:01  Hatchery  
  94  10:04  Extractor  
  94  10:06  Hatchery, Extractor  
  89  10:08  Extractor, Baneling  
  89  10:09  Baneling x23  
  89  10:11  Zergling x4  
  89  10:12  Zergling x12  
Show
View Real Time Build Order
Export as new Build Order

Ölvi Terran - Winner!

Build Orders: Gas First Reaper Expand, Hellion Banshee 

Get SALT Encoding   

  12  0:00  SCV  
  13  0:12  SCV  
  14  0:17  Supply Depot  
  14  0:24  SCV  
  14  0:27  Refinery  
  15  0:39  SCV  
  16  0:45  Barracks  
  16  0:51  SCV  
  17  1:03  SCV  
  18  1:16  SCV  
  19  1:32  Orbital Command  
  19  1:33  Reaper  
  20  1:44  Command Center  
  20  1:56  Factory  
  20  1:59  SCV  
  21  2:09  Barracks Reactor  
  21  2:11  Supply Depot  
  21  2:12  SCV  
  22  2:25  SCV  
  22  2:26  Refinery  
  23  2:46  Starport  
  23  2:52  SCV  
  23  2:55  Hellion x2  
  28  2:59  Orbital Command  
  28  3:08  SCV  
  29  3:20  SCV  
  29  3:28  Hellion x2  
  29  3:29  Starport Tech Lab  
  29  3:30  Barracks Tech Lab  
  29  3:31  SCV  
  29  3:32  SCV  
  35  3:43  SCV  
  35  3:45  SCV  
  37  3:49  Hellion x2  
  37  3:51  Banshee  
  37  3:52  Cloaking Field  
  37  3:55  SCV  
  45  3:59  SCV  
  46  4:13  Supply Depot  
  46  4:14  Supply Depot  
  46  4:29  Command Center  
  46  4:34  SCV, Marine  
  46  4:35  Hellion x2  
  52  4:43  Banshee  
  55  4:50  SCV x2  
  57  4:56  Hellion x2  
  57  4:59  Barracks  
  61  5:00  Barracks  
  61  5:02  SCV  
  61  5:03  Stimpack  
  62  5:18  SCV x2  
  56  5:31  Marine  
  56  5:33  Hellion x2  
  61  5:36  SCV  
  61  5:42  SCV x2, Barracks, Engineering Bay  
  64  5:43  Engineering Bay  
  64  5:44  Barracks  
  64  5:45  Refinery, Starport Reactor  
  64  5:46  Refinery  
  64  5:49  Marine  
  65  6:02  Barracks Reactor  
  65  6:03  SCV x2  
  67  6:06  Factory Tech Lab  
  67  6:14  Marine  
  68  6:18  Terran Infantry Armor Level 1, Terran Infantry Weapons Level 1  
  68  6:19  SCV  
  68  6:20  SCV  
  68  6:25  Marine x2  
  72  6:26  Siege Tank  
  72  6:27  Medivac x2  
  72  6:31  Marine  
  69  6:36  Barracks Reactor x2  
  69  6:37  SCV x2  
  69  6:39  Orbital Command  
  67  6:43  Marine  
  68  6:49  SCV  
  69  6:56  Combat Shield  
  69  6:57  Marine x3  
  69  6:58  Marine  
  69  7:00  Marine, Siege Tank  
  77  7:19  Supply Depot  
  77  7:21  SCV x2, Armory, Marine x4, Medivac, Supply Depot x2  
  85  7:40  Marine x3  
  85  7:41  SCV x2, Siege Tank  
  85  7:42  SCV, Marine x6  
  100  7:51  Supply Depot  
  100  7:52  Supply Depot  
  100  7:53  SCV x2, Supply Depot  
  100  7:54  SCV  
  103  7:58  Marine  
  103  7:59  Missile Turret  
  103  8:04  Missile Turret  
  103  8:05  SCV x2, Marine x2  
  106  8:06  Marine, Missile Turret x2  
  109  8:13  SCV, Marine x3, Siege Tank  
  109  8:17  SCV x2  
  109  8:18  Supply Depot  
  109  8:19  Marine  
  119  8:21  Supply Depot  
  119  8:25  SCV  
  120  8:30  Terran Infantry Armor Level 2, Terran Infantry Weapons Level 2  
  120  8:31  Sensor Tower  
  120  8:32  SCV  
  121  8:38  Factory  
  107  8:55  Marine x9  
  103  8:56  Siege Tank  
  103  8:57  Medivac  
  113  9:13  Marine x9  
  122  9:19  SCV  
  122  9:20  SCV x2  
  125  9:28  Siege Tank  
  125  9:31  SCV, Marine x4  
  129  9:32  Refinery, SCV  
  129  9:33  SCV  
  129  9:34  Command Center  
  129  9:35  Refinery  
  135  9:44  SCV x2  
  135  9:45  SCV  
  138  9:50  Marine x6  
  138  9:51  Marine x2  
  146  9:56  SCV  
  146  9:57  Marine  
  146  9:59  Medivac  
  149  10:01  Medivac  
  149  10:02  Siege Tank  
  148  10:07  Marine  
Tags
 
Add a new tag
Caveats
  • Supply blocks, unpowered buildings, or Contaminate may cause inaccurate times.
  • Supply counts are checked every 10 seconds.